| TOP OF THE 1ST |
|
Houston Astros batting - Pitching for Chicago Cubs : RHP Oscar Sanchez
|
|
Pitching: RHP Oscar Sanchez
|
|
|
Batting: LHB Jose Cruz
|
0-0: Foul Ball, location: 2F 0-1: Foul Ball, location: 2F 0-2: Ball 1-2: Ball 2-2: Ball 3-2: Fly out, F7 (Flyball, 7LD, EV 95.0 MPH)
|
|
Batting: RHB John Castino
|
0-0: Called Strike 0-1: Ground out 2-3 (Groundball, 15S, EV 66.9 MPH)
|
|
Batting: RHB Zail Smith
|
0-0: Ball 1-0: Ground out 6-3 (Groundball, 6, EV 84.4 MPH)
|
| Top of the 1st over - 0 runs, 0 hits, 0 errors, 0 left on base; Houston 0 - Chicago 0 |
| BOTTOM OF THE 1ST |
|
Chicago Cubs batting - Pitching for Houston Astros : RHP Kevin Carr
|
|
Pitching: RHP Kevin Carr
|
|
|
Batting: LHB John Elway
|
0-0: Swinging Strike 0-1: Fly out, F7 (Flyball, 7S, EV 71.3 MPH)
|
|
Batting: RHB Gary Ward
|
0-0: Ground out 6-3 (Groundball, 6, EV 85.0 MPH)
|
|
Batting: RHB Marty Castillo
|
0-0: Called Strike 0-1: Called Strike 0-2: Ball 1-2: Fly out, F9 (Flyball, 9LM, EV 98.1 MPH)
|
| Bottom of the 1st over - 0 runs, 0 hits, 0 errors, 0 left on base; Houston 0 - Chicago 0 |
| TOP OF THE 2ND |
|
Houston Astros batting - Pitching for Chicago Cubs : RHP Oscar Sanchez
|
|
Batting: LHB Steve Kemp
|
0-0: Called Strike 0-1: SINGLE (Groundball, 34D, EV 95.0 MPH)
|
|
Batting: SHB Christopher Clark
|
0-0: Foul Ball, location: 2F 0-1: Called Strike 0-2: Ball 1-2: Foul Ball, location: 2F 1-2: Strikes out swinging
|
|
Batting: SHB Tom Herr
|
0-0: Ball 1-0: Ball 2-0: DOUBLE (Groundball, 3L, EV 98.8 MPH) Steve Kemp to third Runner from 3rd tries for Home, SAFE, throw by RF to home
|
|
Batting: LHB Jerry Narron
|
0-0: Called Strike 0-1: Ball 1-1: 2-RUN HOME RUN (Flyball, 9D, EV 105.0 MPH), Distance : 414 ft
|
|
Batting: RHB Ricky Adams
|
0-0: Called Strike 0-1: Ground out 5-3 (Groundball, 5L, EV 108.8 MPH)
|
|
Batting: RHB Kevin Carr
|
0-0: SINGLE (Groundball, 5D, EV 103.1 MPH)
|
|
Batting: LHB Jose Cruz
|
0-0: SINGLE (Groundball, 6MD, EV 94.4 MPH) Kevin Carr to second Runner from 2nd tries for 3rd, SAFE, no throw by CF
|
|
Batting: RHB John Castino
|
0-0: Swinging Strike 0-1: Ball 1-1: Ball 2-1: Ground out 6-3 (Groundball, 6S, EV 73.1 MPH)
|
| Top of the 2nd over - 3 runs, 5 hits, 0 errors, 2 left on base; Houston 3 - Chicago 0 |
| BOTTOM OF THE 2ND |
|
Chicago Cubs batting - Pitching for Houston Astros : RHP Kevin Carr
|
|
Batting: LHB Johnny Grubb
|
0-0: Foul Ball, location: 2F 0-1: Ball 1-1: Swinging Strike 1-2: SINGLE (Line Drive, 8RS, EV 105.6 MPH)
|
|
Batting: LHB Lee Pruitt
|
0-0: Ball 1-0: Ball 2-0: Foul Ball, location: 2F 2-1: Fly out, F7 (Flyball, 78S, EV 88.8 MPH)
|
|
Batting: RHB Bob Brenly
|
0-0: Called Strike 0-1: Ball 1-1: Ball 2-1: SINGLE (Line Drive, 7S, EV 91.9 MPH) Johnny Grubb to second
|
|
Batting: LHB Tom Lombarski
|
0-0: Called Strike 0-1: Ball 1-1: Fielders Choice at 2nd, 1-6 (Groundball, P, EV 71.3 MPH) Johnny Grubb to third
|
|
Batting: RHB Randy Ready
|
0-0: Ball 1-0: Foul Ball, location: 2F 1-1: Ball 2-1: Swinging Strike 2-2: Ball 3-2: Fly out, F9 (Line Drive, 9, EV 109.4 MPH)
|
| Bottom of the 2nd over - 0 runs, 2 hits, 0 errors, 2 left on base; Houston 3 - Chicago 0 |
| TOP OF THE 3RD |
|
Houston Astros batting - Pitching for Chicago Cubs : RHP Oscar Sanchez
|
|
Batting: RHB Zail Smith
|
0-0: Foul Ball, location: 2F 0-1: Ball 1-1: Ball 2-1: Called Strike 2-2: Ball 3-2: Ground out 6-3 (Groundball, 56, EV 86.3 MPH)
|
|
Batting: LHB Steve Kemp
|
0-0: Foul Ball, location: 2F 0-1: Foul Ball, location: 2F 0-2: Ball 1-2: Ball 2-2: Ground out 4-3 (Groundball, 4, EV 103.1 MPH)
|
|
Batting: SHB Christopher Clark
|
0-0: Ball 1-0: Ball 2-0: Called Strike 2-1: Swinging Strike 2-2: Strikes out swinging
|
| Top of the 3rd over - 0 runs, 0 hits, 0 errors, 0 left on base; Houston 3 - Chicago 0 |
| BOTTOM OF THE 3RD |
|
Chicago Cubs batting - Pitching for Houston Astros : RHP Kevin Carr
|
|
Batting: SHB Oscar Sanchez
|
0-0: Reached on error, E5 (Groundball, 5, EV 88.1 MPH)
|
|
Batting: LHB John Elway
|
0-0: Ball 1-0: Called Strike 1-1: Swinging Strike 1-2: Strikes out swinging
|
|
Batting: RHB Gary Ward
|
0-0: Called Strike 0-1: Swinging Strike 0-2: Ball 1-2: Foul Ball, location: 2F 1-2: Strikes out swinging
|
|
Batting: RHB Marty Castillo
|
0-0: Ball 1-0: Ball 2-0: Called Strike 2-1: Foul Ball, location: 2F 2-2: Strikes out swinging
|
| Bottom of the 3rd over - 0 runs, 0 hits, 1 error, 1 left on base; Houston 3 - Chicago 0 |
| TOP OF THE 4TH |
|
Houston Astros batting - Pitching for Chicago Cubs : RHP Oscar Sanchez
|
|
Batting: SHB Tom Herr
|
0-0: Called Strike 0-1: Ground out 4-3 (Groundball, 4, EV 101.9 MPH)
|
|
Batting: LHB Jerry Narron
|
0-0: Ball 1-0: Called Strike 1-1: Called Strike 1-2: Foul Ball, location: 2F 1-2: Ball 2-2: Strikes out swinging
|
|
Batting: RHB Ricky Adams
|
0-0: Called Strike 0-1: Ball 1-1: Ball 2-1: Fly out, F6 (Flyball, 56D, EV 74.4 MPH)
|
| Top of the 4th over - 0 runs, 0 hits, 0 errors, 0 left on base; Houston 3 - Chicago 0 |
| BOTTOM OF THE 4TH |
|
Chicago Cubs batting - Pitching for Houston Astros : RHP Kevin Carr
|
|
Batting: LHB Johnny Grubb
|
0-0: Ground out 4-3 (Groundball, 4, EV 90.6 MPH)
|
|
Batting: LHB Lee Pruitt
|
0-0: Foul Ball, location: 2F 0-1: Called Strike 0-2: Ball 1-2: Foul Ball, location: 2F 1-2: SINGLE (Line Drive, 6MD, EV 105.6 MPH)
|
|
Batting: RHB Bob Brenly
|
0-0: Called Strike 0-1: Ball 1-1: Foul Ball, location: 2F 1-2: Ball 2-2: Fly out, F4 (Popup, 3D, EV 54.4 MPH)
|
|
Batting: LHB Tom Lombarski
|
0-0: Swinging Strike 0-1: Ball 1-1: Called Strike 1-2: Strikes out swinging
|
| Bottom of the 4th over - 0 runs, 1 hit, 0 errors, 1 left on base; Houston 3 - Chicago 0 |
| TOP OF THE 5TH |
|
Houston Astros batting - Pitching for Chicago Cubs : RHP Oscar Sanchez
|
|
Pinch Hitting: SHB Bill D Doran
|
0-0: Swinging Strike 0-1: Ball 1-1: Foul Ball, location: 2F 1-2: Ball 2-2: Ball 3-2: Foul Ball, location: 2F 3-2: Base on Balls
|
|
Pitching: RHP Paul Hartzell
|
|
|
Now at SS: Fran Mullins
|
|
|
Batting: LHB Jose Cruz
|
0-0: Called Strike 0-1: Called Strike 0-2: Ball 1-2: Ball 2-2: Fly out, F9 (Flyball, 89D, EV 88.8 MPH)
|
|
Batting: RHB John Castino
|
0-0: Ball 1-0: Foul Ball, location: 2F 1-1: Ball 2-1: Called Strike 2-2: Grounds into double play, 5-4-3 (Groundball, 5S, EV 86.9 MPH)
|
| Top of the 5th over - 0 runs, 0 hits, 0 errors, 0 left on base; Houston 3 - Chicago 0 |
| BOTTOM OF THE 5TH |
|
Chicago Cubs batting - Pitching for Houston Astros : RHP Kevin Carr
|
|
Pitching: RHP Ramon Molina
|
|
|
Batting: RHB Randy Ready
|
0-0: Called Strike 0-1: Foul Ball, location: 2F 0-2: Ball 1-2: Ball 2-2: Foul Ball, location: 2F 2-2: Ball 3-2: SINGLE (Flyball, 8RS, EV 86.9 MPH)
|
|
Batting: RHB Fran Mullins
|
0-0: Ground out 6-3 (Groundball, P, EV 88.8 MPH) Randy Ready to second
|
|
Batting: LHB John Elway
|
0-0: Called Strike 0-1: Ball 1-1: Foul Ball, location: 2F 1-2: Ball 2-2: Reached on error, E3 (Groundball, 3, EV 86.9 MPH) Randy Ready to third
|
|
Batting: RHB Gary Ward
|
0-0: Ball 1-0: Ball 2-0: Called Strike 2-1: Foul Ball, location: 2F 2-2: Fly out, F7 (Flyball, 7LM, EV 91.9 MPH) Runner from 3rd tags up, SCORES, throw by LF
|
|
Batting: RHB Marty Castillo
|
0-0: Ball 1-0: Called Strike 1-1: Ball 2-1: Fielders Choice at 2nd, U6 (Groundball, 6M, EV 100.0 MPH)
|
| Bottom of the 5th over - 1 run, 1 hit, 1 error, 1 left on base; Houston 3 - Chicago 1 |
| TOP OF THE 6TH |
|
Houston Astros batting - Pitching for Chicago Cubs : RHP Paul Hartzell
|
|
Batting: RHB Zail Smith
|
0-0: Fly out, F7 (Flyball, 7LD, EV 101.3 MPH)
|
|
Batting: LHB Steve Kemp
|
0-0: Called Strike 0-1: Ball 1-1: Called Strike 1-2: Foul Ball, location: 2F 1-2: Ball 2-2: Ball 3-2: Fly out, F9 (Flyball, 9LM, EV 98.1 MPH)
|
|
Batting: SHB Christopher Clark
|
0-0: Called Strike 0-1: Foul Ball, location: 2F 0-2: Ball 1-2: Ball 2-2: Foul Ball, location: 2F 2-2: Foul Ball, location: 2F 2-2: Ground out 6-3 (Groundball, 6, EV 83.8 MPH)
|
| Top of the 6th over - 0 runs, 0 hits, 0 errors, 0 left on base; Houston 3 - Chicago 1 |
| BOTTOM OF THE 6TH |
|
Chicago Cubs batting - Pitching for Houston Astros : RHP Ramon Molina
|
|
Batting: LHB Johnny Grubb
|
0-0: Called Strike 0-1: Called Strike 0-2: Ball 1-2: Reached on error, E6 (Groundball, 6, EV 83.1 MPH)
|
|
Batting: LHB Lee Pruitt
|
0-0: Foul Ball, location: 2F 0-1: Called Strike 0-2: Strikes out swinging
|
|
Batting: RHB Bob Brenly
|
0-0: SINGLE (Flyball, 8RS, EV 91.3 MPH) Johnny Grubb to third Runner from 3rd tries for Home, SAFE, throw by CF to home Bob Brenly to second
|
|
Batting: RHB Paul Hartzell
|
0-0: Foul Ball, location: 2F 0-1: Foul Ball, location: 2F 0-2: Strikes out swinging
|
|
Batting: RHB Randy Ready
|
0-0: Called Strike 0-1: Ball 1-1: Called Strike 1-2: Foul Ball, location: 2F 1-2: Foul Ball, location: 2F 1-2: Ball 2-2: Foul Ball, location: 2F 2-2: Ground out U3 (Groundball, 34S, EV 83.8 MPH)
|
| Bottom of the 6th over - 1 run, 1 hit, 1 error, 1 left on base; Houston 3 - Chicago 2 |
| TOP OF THE 7TH |
|
Houston Astros batting - Pitching for Chicago Cubs : RHP Paul Hartzell
|
|
Batting: SHB Tom Herr
|
0-0: SINGLE (Line Drive, 6D, EV 94.4 MPH)
|
|
Batting: LHB Jerry Narron
|
0-0: Ball 1-0: Ball 2-0: Called Strike 2-1: Fielders Choice at 2nd, 4-6 (Groundball, 4M, EV 81.3 MPH)
|
|
Batting: RHB Ricky Adams
|
0-0: Foul Ball, location: 2F 0-1: Ball Wild Pitch! Jerry Narron to second 1-1: Ball 2-1: Called Strike 2-2: Ball 3-2: Strikes out swinging
|
|
Pinch Hitting: LHB George Vukovich
|
0-0: Fly out, F8 (Line Drive, 8LM, EV 93.8 MPH)
|
| Top of the 7th over - 0 runs, 1 hit, 0 errors, 1 left on base; Houston 3 - Chicago 2 |
| BOTTOM OF THE 7TH |
|
Chicago Cubs batting - Pitching for Houston Astros : RHP Ramon Molina
|
|
Pitching: LHP Keith Comstock
|
|
|
Batting: RHB Fran Mullins
|
0-0: Swinging Strike 0-1: Ball 1-1: Foul Ball, location: 2F 1-2: Strikes out swinging
|
|
Pinch Hitting: LHB Dave Bergman
|
0-0: Swinging Strike 0-1: Foul Ball, location: 2F 0-2: Strikes out swinging
|
|
Pinch Hitting: LHB Dan Pasqua
|
0-0: Swinging Strike 0-1: Foul Ball, location: 2F 0-2: Foul Ball, location: 2F 0-2: Ball 1-2: Ball 2-2: Strikes out looking
|
| Bottom of the 7th over - 0 runs, 0 hits, 0 errors, 0 left on base; Houston 3 - Chicago 2 |
| TOP OF THE 8TH |
|
Houston Astros batting - Pitching for Chicago Cubs : RHP Paul Hartzell
|
|
Now in LF: Dave Bergman
|
|
|
Now in CF: Dan Pasqua
|
|
|
Pinch Hitting: RHB Dave Valle
|
0-0: Called Strike 0-1: Ball 1-1: Ball 2-1: Fly out, F8 (Flyball, 8LD, EV 91.3 MPH)
|
|
Pinch Hitting: RHB Nick Esasky
|
0-0: Ball 1-0: Fly out, F8 (Line Drive, 8LD, EV 98.8 MPH)
|
|
Pinch Hitting: RHB Mickey Hatcher
|
0-0: Ball 1-0: SINGLE (Line Drive, 7S, EV 88.8 MPH)
|
|
Batting: LHB Steve Kemp
|
0-0: Ball 1-0: Ball 2-0: Ball 3-0: Called Strike 3-1: Base on Balls Mickey Hatcher to second
|
|
Pitching: RHP Carlos Gil
|
|
|
Pinch Hitting: RHB Ron Tingley
|
0-0: Swinging Strike 0-1: Called Strike 0-2: Ball 1-2: Strikes out swinging
|
| Top of the 8th over - 0 runs, 1 hit, 0 errors, 2 left on base; Houston 3 - Chicago 2 |
| BOTTOM OF THE 8TH |
|
Chicago Cubs batting - Pitching for Houston Astros : LHP Keith Comstock
|
|
Pitching: RHP Luis Aponte
|
|
|
Now at 1B: Dave Valle
|
|
|
Now at 3B: Nick Esasky
|
|
|
Now in LF: Mickey Hatcher
|
|
|
Now in CF: Ron Tingley
|
|
|
Pinch Hitting: RHB Bill Madlock
|
0-0: Foul Ball, location: 2F 0-1: Foul Ball, location: 2F 0-2: Foul Ball, location: 2F 0-2: Fly out, F8 (Flyball, 8RD, EV 98.1 MPH)
|
|
Pinch Hitting: RHB Jim Rice
|
0-0: Called Strike 0-1: Fly out, F8 (Flyball, 8LM, EV 91.9 MPH)
|
|
Pinch Hitting: SHB Roy Smalley
|
0-0: Called Strike 0-1: Ball 1-1: Ball 2-1: SINGLE (Line Drive, 78S, EV 108.1 MPH)
|
|
Pinch Runner at 1st Willie Randolph:
|
|
|
Batting: RHB Bob Brenly
|
0-0: Ball 1-0: Ball 2-0: Reached on error, E6 (Groundball, 6, EV 85.6 MPH) Willie Randolph to second
|
|
Pinch Hitting: RHB Lonnie Smith
|
0-0: Foul Ball, location: 2F 0-1: Ball 1-1: SINGLE (Line Drive, 7LS, EV 88.8 MPH) Willie Randolph to third Bob Brenly to second Runner from 3rd tries for Home, SAFE, throw by LF to home
|
|
Pinch Hitting: RHB Houston Jimenez
|
0-0: Called Strike 0-1: Ball 1-1: Swinging Strike 1-2: Fly out, F1 (Line Drive, P, EV 72.5 MPH)
|
| Bottom of the 8th over - 1 run, 2 hits, 1 error, 2 left on base; Houston 3 - Chicago 3 |
| TOP OF THE 9TH |
|
Houston Astros batting - Pitching for Chicago Cubs : RHP Carlos Gil
|
|
Pitching: RHP Miguel Hernandez
|
|
|
Now at 1B: Willie Gonzalez
|
|
|
Now at 2B: Willie Randolph
|
|
|
Now at 3B: Bill Madlock
|
|
|
Now in CF: Jim Rice
|
|
|
Pinch Hitting: RHB Gregory Pastors
|
0-0: Ball 1-0: Called Strike 1-1: Foul Ball, location: 2F 1-2: Foul Ball, location: 2F 1-2: Foul Ball, location: 2F 1-2: Ball 2-2: Strikes out looking
|
|
Pitching: RHP Tom Niedenfuer
|
|
|
Batting: LHB Jerry Narron
|
0-0: Ball 1-0: Foul Ball, location: 2F 1-1: DOUBLE (Flyball, 8RXD, EV 100.0 MPH)
|
|
Pinch Hitting: RHB Danny Jasso
|
0-0: Foul Ball, location: 2F 0-1: Fly out, F9 (Flyball, 9LD, EV 93.8 MPH) Runner from 2nd tags up, SAFE at 3rd, no throw by RF
|
|
Pinch Hitting: RHB Julio Franco
|
0-0: Intentional Walk
|
|
Batting: RHB Dave Valle
|
0-0: Ball 1-0: Ground out 4-3 (Groundball, 4, EV 107.5 MPH)
|
| Top of the 9th over - 0 runs, 1 hit, 0 errors, 2 left on base; Houston 3 - Chicago 3 |
| BOTTOM OF THE 9TH |
|
Chicago Cubs batting - Pitching for Houston Astros : RHP Luis Aponte
|
|
Pitching: RHP Victor Sanchez
|
|
|
Now at 2B: Gregory Pastors
|
|
|
Now at SS: Danny Jasso
|
|
|
Batting: RHB Fran Mullins
|
0-0: Called Strike 0-1: Reached on error, E6 (Groundball, 6, EV 105.6 MPH)
|
|
Batting: LHB Dave Bergman
|
0-0: Ball 1-0: Called Strike 1-1: Called Strike 1-2: Ball 2-2: Ball 3-2: Base on Balls Fran Mullins to second
|
|
Batting: LHB Dan Pasqua
|
0-0: Ball 1-0: Fly out, F7 (Line Drive, 7, EV 109.4 MPH)
|
|
Batting: RHB Bill Madlock
|
0-0: Ball 1-0: Foul Ball, location: 2F 1-1: Grounds into double play, 6-4-3 (Groundball, 6, EV 108.1 MPH)
|
| Bottom of the 9th over - 0 runs, 0 hits, 1 error, 1 left on base; Houston 3 - Chicago 3 |
| TOP OF THE 10TH |
|
Houston Astros batting - Pitching for Chicago Cubs : RHP Tom Niedenfuer
|
|
Pitching: RHP Paul Thormodsgard
|
|
|
Batting: RHB Nick Esasky
|
0-0: Called Strike 0-1: Called Strike 0-2: Ball 1-2: DOUBLE (Line Drive, 78D, EV 97.5 MPH)
|
|
Batting: RHB Mickey Hatcher
|
0-0: Called Strike 0-1: Called Strike 0-2: Strikes out swinging
|
|
Batting: LHB Steve Kemp
|
0-0: Intentional Walk
|
|
Batting: RHB Ron Tingley
|
0-0: Ball 1-0: Called Strike 1-1: Foul Ball, location: 2F 1-2: Strikes out swinging
|
|
Pinch Hitting: RHB Tim Tolman
|
0-0: Called Strike 0-1: Foul Ball, location: 2F 0-2: Ball 1-2: Ball 2-2: Ball 3-2: Base on Balls Nick Esasky to third Steve Kemp to second
|
|
Batting: LHB Jerry Narron
|
0-0: SINGLE (Line Drive, 78S, EV 106.3 MPH) Nick Esasky scores Steve Kemp to third Tim Tolman to second Runner from 3rd tries for Home, SAFE, throw by CF to home
|
|
Batting: RHB Danny Jasso
|
0-0: Called Strike 0-1: Ball 1-1: Ball 2-1: Reached on error, E3 (Groundball, 34S, EV 82.5 MPH) Tim Tolman to third Jerry Narron to second
|
|
Pinch Hitting: LHB Tom O'Malley
|
0-0: Ball 1-0: Ball 2-0: Foul Ball, location: 2F 2-1: Ball 3-1: Foul Ball, location: 2F 3-2: Base on Balls Tim Tolman scores Jerry Narron to third Danny Jasso to second
|
|
Pitching: RHP Robert Weismiller
|
|
|
Batting: RHB Dave Valle
|
0-0: Called Strike 0-1: Foul Ball, location: 2F 0-2: Foul Ball, location: 2F 0-2: Ball 1-2: Ground out 5-3 (Groundball, 5S, EV 90.6 MPH)
|
| Top of the 10th over - 3 runs, 2 hits, 1 error, 3 left on base; Houston 6 - Chicago 3 |
| BOTTOM OF THE 10TH |
|
Chicago Cubs batting - Pitching for Houston Astros : RHP Victor Sanchez
|
|
Pitching: LHP Richard Thompson
|
|
|
Now at 2B: Tom O'Malley
|
|
|
Batting: RHB Jim Rice
|
0-0: Called Strike 0-1: SINGLE (Line Drive, 4MD, EV 95.6 MPH)
|
|
Batting: RHB Willie Randolph
|
0-0: SINGLE (Line Drive, 6MD, EV 110.0 MPH) Jim Rice to second
|
|
Pinch Hitting: RHB Rick Cerone
|
0-0: Grounds into double play, 1-4-3 (Groundball, 25, EV 68.8 MPH) Jim Rice to third
|
|
Batting: LHB Willie Gonzalez
|
0-0: Ball 1-0: Called Strike 1-1: Ball 2-1: Ball 3-1: Base on Balls
|
|
Pinch Hitting: LHB Gerald Perry
|
0-0: Called Strike 0-1: Called Strike 0-2: Ball 1-2: Fly out, F8 (Flyball, 8LD, EV 106.9 MPH)
|
| Bottom of the 10th over - 0 runs, 2 hits, 0 errors, 2 left on base; Houston 6 - Chicago 3 |
|